 Dungeon Crawl Stone Soup version 0.21.1-1-g345015f (webtiles) character file.

230 VLARC the Cutter (level 6, -1/43 HPs)
             Began as a Halfling Skald on Mar 21, 2018.
             Killed by nerve-wracking pain
             ... invoked by Grinder
              (14 damage)
             ... on level 3 of the Dungeon.
             The game lasted 00:05:28 (2945 turns).

VLARC the Cutter (Halfling Skald)                   Turns: 2945, Time: 00:05:29

Health: -1/43      AC:  3    Str: 14    XL:     6   Next: 24%
Magic:  8/8        EV: 14    Int: 11    God:
Gold:   144        SH:  0    Dex: 14    Spells: 2/8 levels left

rFire    . . .     SeeInvis .   a - +0 short sword
rCold    . . .     Gourm    .   (shield restricted)
rNeg     . . .     Faith    .   m - +0 leather armour
rPois    .         Spirit   .   (no helmet)
rElec    .         Reflect  .   (no cloak)
rCorr    .         Harm     .   (no gloves)
MR       .....                  (no boots)
Stlth    +.........             (no amulet)
HPRegen  0.14/turn              (no ring)
MPRegen  0.11/turn              (no ring)

@: no status effects
A: small, mutation resistance 1
a: no special abilities


You were on level 3 of the Dungeon.
You were not hungry.

You visited 1 branch of the dungeon, and saw 3 of its levels.

You collected 144 gold pieces.

Inventory:

Hand Weapons
 a - a +0 short sword (weapon)
 b - a +0 hunting sling
Missiles
 g - 155 stones (quivered)
 o - 19 poisoned needles
Armour
 m - a +0 leather armour (worn)
Scrolls
 d - 2 scrolls of identify {unknown}
 e - a scroll of enchant armour {unknown}
 h - a scroll of magic mapping {unknown}
 i - a scroll of fog {unknown}
 j - a scroll of noise {unknown}
 n - a scroll of teleportation {unknown}
Potions
 k - a potion of might {unknown}
 l - 2 potions of flight {unknown}
 p - a potion of curing
Books
 c - a book of Battle

   Spells                             Type                      Level
   a - Infusion                       Charms                       1
   b - Shroud of Golubria             Charms/Translocation         2
   c - Song of Slaying                Charms                       2
   d - Spectral Weapon                Hexes/Charms                 3
   e - Regeneration                   Charms/Necromancy            3
Comestibles
 f - 2 rations
 q - 2 chunks of flesh


   Skills:
 + Level 4.1 Fighting
 + Level 5.4 Short Blades
 - Level 1.1 Armour
 - Level 2.1 Dodging
 - Level 1.5 Spellcasting
 - Level 3.2 Charms


You had 2 spell levels left.
You knew the following spells:

 Your Spells              Type           Power        Failure   Level  Hunger
a - Infusion              Chrm           #...         10%         1    ##.....
b - Shroud of Golubria    Chrm/Tloc      #.........   28%         2    ###....
c - Regeneration          Chrm/Necr      #.........   50%         3    ####...


Dungeon Overview and Level Annotations

Branches:
Dungeon (3/15)

Altars:

Annotations:
D:2 phantom+natasha
D:3 Grinder; Robin; Zgarb's ghost, amateur TeCj


Innate Abilities, Weirdness & Mutations

You are small and have problems with some larger weapons.
You are somewhat resistant to further mutation.


Message History

You suddenly lose the ability to move!
Grinder hits you. Grinder gestures at you.
You shrug off the repeated paralysis!
Grinder hits you.
You writhe in agony.
Grinder completely misses you. Grinder hits you.
* * * LOW HITPOINT WARNING * * *
You can move again.
Unknown command.
Unknown command.
Okay, then.
You aren't carrying any items that you can evoke.
Things that are here:
a club; a hobgoblin skeleton Your magical infusion is running out.
You are no longer magically infusing your attacks.
Grinder gestures at you. Pain shoots through your body!
You die...

g####.........# #g# ##
#.........# #.#
#.........#####g#
#.........##.g..#
#.........##.####
############g#
#5####### #.##....# ##
#@##.##.# ##...#######
#....#..# ...........#
######.##
...........#########.#
............)........#
..........(###########
...........#
...........#
...........#


You could see Grinder and 2 goblins.

Vanquished Creatures
  A centaur (D:3)
  Natasha (D:2)
  A gnoll (D:1)
  5 adders (D:2)
  2 oozes
  4 worms
  A leopard gecko (D:3)
  A ball python (D:2)
  10 bats
  A giant cockroach (D:2)
  4 goblins
  8 hobgoblins
  4 jackals (D:3)
  A quokka (D:2)
  4 frilled lizards (D:2)
  6 rats
54 creatures vanquished.

Notes
Turn   | Place    | Note
-------+----------+-------------------------------------------
     0 | D:1      | VLARC the Halfling Skald began the quest for the Orb.
     0 | D:1      | Reached XP level 1. HP: 14/14 MP: 3/3
   525 | D:1      | Reached XP level 2. HP: 19/19 MP: 4/4
   564 | D:1      | Reached skill level 3 in Short Blades
   753 | D:1      | Reached XP level 3. HP: 15/25 MP: 2/5
  1319 | D:2      | Reached XP level 4. HP: 22/30 MP: 4/6
  1496 | D:2      | Reached skill level 4 in Short Blades
  2121 | D:2      | Noticed Natasha
  2147 | D:2      | Killed Natasha
  2147 | D:2      | Reached XP level 5. HP: 31/36 MP: 0/7
  2322 | D:2      | Noticed a phantom
  2371 | D:3      | Noticed Zgarb's ghost (amateur TeCj)
  2528 | D:3      | Noticed a centaur
  2555 | D:3      | Learned a level 2 spell: Shroud of Golubria
  2559 | D:3      | Learned a level 3 spell: Regeneration
  2612 | D:3      | Killed a centaur
  2612 | D:3      | Reached skill level 5 in Short Blades
  2612 | D:3      | Reached XP level 6. HP: 16/43 MP: 1/8
  2903 | D:3      | Noticed Grinder
  2903 | D:3      | Paralysed by Grinder for 4 turns
  2907 | D:3      | Noticed Robin
  2927 | D:3      | Paralysed by Grinder for 5 turns
  2945 | D:3      | Killed from afar by Grinder

Skill      XL: |  1  2  3  4  5 |
---------------+----------------+-----
Fighting       | 2 3 4 |  4.1
Short Blades   | 3 4 5 |  5.4
Armour         | |  1.1
Dodging        | |  2.1
Spellcasting   | |  1.5
Charms         | |  3.2

Action                   |  1- 3 |  4- 6 || total
-------------------------+-------+-------++-------
Melee: Short sword       |   103 |   129 ||   232
 Cast: Infusion          |     7 |     9 ||    16
  Use: Potion            |       |     2 ||     2
 Stab: Sleeping          |     2 |     1 ||     3
  Eat: Chunk             |       |     4 ||     4
       Ration            |       |     1 ||     1
Armor: Leather armour    |    25 |    22 ||    47
Dodge: Dodged            |    80 |   112 ||   192
